Map: Beckett Industries LE

Players

Tbone - Winner!

  • Race: Protoss Protoss
  • League: Bronze

Donjulius

  • Race: Zerg Zerg
  • League: Silver

VOD

Have the link to the VOD?

Description

Time

  • Played on: May 1, 2021, 8:27 p.m.
  • Length: 14:40
Show
View Real Time Build Order
Export as new Build Order

Tbone Protoss - Winner!

Build Orders: Cannon Rush 

Get SALT Encoding   

  12  0:09  Probe (Chrono Boost)  
  13  0:18  Probe (Chrono Boost)  
  13  0:20  Pylon  
  14  0:40  Pylon  
  14  0:50  Probe  
  15  1:03  Probe  
  15  1:04  Forge  
  16  1:12  Pylon  
  16  1:15  Probe (Chrono Boost)  
  17  1:25  Probe (Chrono Boost)  
  18  1:30  Probe (Chrono Boost)  
  19  1:38  Photon Cannon  
  19  1:41  Probe  
  19  1:44  Photon Cannon  
  20  1:52  Photon Cannon  
  20  1:53  Probe  
  21  2:03  Photon Cannon  
  21  2:06  Pylon  
  21  2:10  Probe (Chrono Boost)  
  22  2:20  Probe (Chrono Boost)  
  22  2:21  Pylon  
  23  2:28  Photon Cannon  
  23  2:33  Pylon  
  23  2:36  Probe  
  24  2:48  Probe  
  25  3:01  Nexus  
  25  3:19  Pylon  
  25  3:26  Pylon  
  25  3:39  Photon Cannon  
  25  3:41  Gateway  
  25  3:44  Photon Cannon  
  25  3:48  Assimilator  
  25  3:55  Pylon  
  25  4:02  Photon Cannon  
  25  4:05  Photon Cannon  
  25  4:09  Photon Cannon  
  25  4:16  Probe (Chrono Boost)  
  27  4:17  Probe (Chrono Boost)  
  27  4:29  Photon Cannon  
  27  4:34  Pylon  
  27  4:54  Probe (Chrono Boost)  
  27  4:55  Cybernetics Core  
  27  4:57  Photon Cannon  
  27  4:59  Probe (Chrono Boost), Zealot  
  31  5:04  Probe (Chrono Boost)  
  33  5:08  Probe (Chrono Boost)  
  33  5:18  Probe  
  34  5:22  Probe  
  35  5:30  Pylon  
  35  5:34  Probe  
  36  5:46  Probe  
  37  5:50  Photon Cannon  
  37  5:58  Probe  
  37  6:03  Pylon  
  38  6:15  Pylon  
  38  6:36  Pylon  
  38  6:38  Pylon  
  38  6:47  Pylon  
  38  6:50  Probe (Chrono Boost)  
  38  6:51  Probe (Chrono Boost)  
  40  7:00  Assimilator, Probe x2 (Chrono Boost)  
  42  7:03  Assimilator  
  42  7:04  Assimilator  
  42  7:05  Probe x2 (Chrono Boost)  
  44  7:09  Gateway  
  44  7:11  Gateway  
  44  7:13  Photon Cannon  
  44  7:14  Gateway  
  44  7:15  Photon Cannon  
  44  7:16  Photon Cannon  
  44  7:18  Photon Cannon  
  44  7:26  Photon Cannon  
  44  7:29  Photon Cannon  
  44  7:53  Nexus  
  44  8:06  Stalker x4  
  52  8:19  Pylon  
  52  8:20  Pylon  
  52  8:22  Pylon  
  52  8:35  Stalker  
  52  8:36  Stalker x3  
  52  8:40  Probe x2  
  62  8:50  Photon Cannon x2  
  62  8:52  Probe x2  
  64  8:58  Photon Cannon  
  64  9:02  Shield Battery  
  64  9:04  Probe x2  
  64  9:05  Stalker  
  64  9:06  Stalker x2  
  64  9:08  Pylon  
  72  9:16  Probe x2  
  74  9:18  Pylon  
  74  9:28  Probe x2  
  75  9:34  Pylon  
  75  9:36  Photon Cannon  
  75  9:39  Photon Cannon  
  75  9:54  Pylon  
  75  9:56  Pylon  
  75  9:58  Photon Cannon x2  
  75  10:03  Stalker x2, Pylon  
  75  10:04  Stalker x2, Pylon  
  83  10:14  Probe (Chrono Boost)  
  83  10:16  Probe (Chrono Boost)  
  83  10:17  Probe (Chrono Boost)  
  86  10:26  Probe x2 (Chrono Boost)  
  86  10:28  Pylon  
  88  10:30  Probe (Chrono Boost)  
  88  10:33  Pylon  
  88  10:35  Pylon  
  89  10:40  Pylon  
  89  10:41  Probe  
  90  10:44  Photon Cannon  
  90  10:45  Photon Cannon  
  90  10:47  Photon Cannon  
  90  10:50  Shield Battery  
  90  10:53  Probe  
  90  11:12  Photon Cannon  
  90  11:14  Photon Cannon  
  90  11:21  Stalker  
  90  11:22  Stalker x3  
  98  11:51  Stalker x2  
  98  11:52  Stalker x2  
  106  12:17  Pylon  
  106  12:21  Stalker x2  
  106  12:22  Stalker x2  
  114  12:27  Pylon  
  114  12:31  Pylon  
  114  12:51  Stalker x2, Pylon  
  114  12:52  Stalker x2  
  114  12:53  Pylon  
  122  13:02  Photon Cannon  
  122  13:03  Photon Cannon  
  122  13:06  Photon Cannon  
  122  13:10  Photon Cannon  
  122  13:12  Photon Cannon  
  122  13:20  Photon Cannon  
  122  13:21  Stalker x3  
  122  13:22  Photon Cannon, Stalker  
  122  13:23  Photon Cannon  
  126  13:28  Photon Cannon  
  126  13:32  Photon Cannon  
  118  13:34  Photon Cannon  
  118  13:36  Photon Cannon  
  116  13:50  Shield Battery  
  116  13:51  Stalker x3  
  116  13:52  Stalker  
Show
View Real Time Build Order
Export as new Build Order

Donjulius Zerg 

Build Orders: Hatch First 

Get SALT Encoding   

  12  0:00  Drone  
  13  0:12  Overlord  
  13  0:21  Drone  
  14  0:31  Drone x2  
  16  0:50  Hatchery  
  16  0:53  Drone  
  16  0:57  Drone  
  16  1:01  Drone  
  18  1:04  Extractor  
  17  1:20  Spawning Pool  
  17  1:21  Drone  
  17  1:25  Drone  
  18  1:34  Drone  
  19  1:44  Drone  
  20  2:03  Drone  
  20  2:08  Spine Crawler  
  20  2:11  Zergling x2  
  16  2:32  Drone x2  
  19  2:51  Drone  
  19  2:52  Spine Crawler  
  19  2:55  Drone  
  19  2:59  Drone  
  20  3:11  Overlord  
  20  3:22  Lair  
  20  3:44  Drone  
  20  3:48  Hatchery  
  20  3:51  Overlord  
  20  3:58  Drone  
  20  4:01  Drone  
  20  4:02  Extractor  
  21  4:12  Drone  
  22  4:19  Queen, Drone  
  25  4:31  Drone  
  26  4:44  Overlord  
  26  4:55  Drone  
  27  5:03  Drone  
  27  5:10  Drone  
  28  5:25  Hatchery  
  28  5:27  Hatchery  
  26  5:49  Drone x6  
  33  5:50  Drone x3  
  35  6:00  Roach Warren, Drone  
  35  6:05  Baneling Nest  
  35  6:06  Drone  
  34  6:24  Queen  
  36  6:26  Drone x2  
  36  6:29  Drone  
  36  6:30  Drone  
  36  6:31  Drone x2  
  36  6:32  Queen  
  44  6:38  Spine Crawler  
  43  6:42  Spine Crawler  
  42  6:47  Overlord  
  42  6:48  Overlord  
  42  6:53  Drone x2  
  40  7:04  Drone x2  
  40  7:05  Drone  
  43  7:13  Roach x4  
  51  7:22  Drone  
  50  7:34  Drone  
  50  7:36  Drone, Spine Crawler  
  51  7:39  Overlord  
  51  7:40  Overlord  
  51  7:42  Drone  
  52  7:45  Glial Reconstitution  
  52  7:50  Evolution Chamber  
  45  7:52  Evolution Chamber  
  45  7:54  Drone  
  45  7:56  Drone x2  
  47  8:01  Roach x5  
  57  8:12  Roach x4  
  65  8:18  Zerg Missile Weapons Level 1  
  65  8:21  Zerg Ground Armor Level 1  
  65  8:25  Drone  
  65  8:26  Drone x2  
  58  8:42  Roach x3  
  58  8:43  Roach x3  
  66  8:52  Roach x3  
  66  8:53  Roach  
  69  9:01  Overlord x2  
  69  9:04  Roach  
  69  9:05  Roach  
  69  9:09  Overlord  
  71  9:16  Extractor  
  70  9:18  Extractor  
  70  9:20  Roach  
  70  9:21  Roach x3  
  77  9:29  Roach x3  
  81  9:37  Roach  
  81  9:38  Roach x2  
  85  9:46  Drone x3  
  85  9:47  Drone x2  
  88  9:53  Overlord  
  88  10:05  Roach x2  
  88  10:20  Hydralisk Den  
  85  10:32  Drone  
  85  10:33  Drone  
  85  10:34  Drone x2  
  89  10:36  Roach x2  
  93  10:43  Overlord  
  93  10:45  Overlord  
  93  10:49  Overlord  
  91  10:57  Drone  
  90  11:14  Roach x3  
  96  11:29  Hatchery  
  85  11:35  Roach x6  
  85  11:36  Roach  
  89  11:47  Roach x4  
  75  12:08  Drone  
  74  12:10  Roach x7  
  82  12:18  Drone x2  
  82  12:25  Overlord x2  
  81  12:32  Roach x3  
  75  12:58  Drone x7  
  78  13:05  Roach  
  78  13:06  Roach x5  
  86  13:23  Roach x4  
  83  13:38  Roach  
  83  13:39  Roach x5  
  91  13:55  Hydralisk x4  
  90  14:11  Roach x5  
Tags
 
Add a new tag
Caveats
  • Supply blocks, unpowered buildings, or Contaminate may cause inaccurate times.
  • Supply counts are checked every 10 seconds.